Map: Pillars of Gold LE

Players

Osiris

  • Race: Terran Terran
  • League: Diamond
  • Spawn Location: 7:00

SmokingKiss - Winner!

  • Race: Zerg Zerg
  • League: Diamond
  • Spawn Location: 1:00

VOD

Have the link to the VOD?

Description

Time

  • Played on: Jan. 13, 2021, 4:43 a.m.
  • Length: 15:44
Show
View Real Time Build Order
Export as new Build Order

Osiris Terran 

Build Orders: Reaper Expand, Hellion Banshee 

Get SALT Encoding   

  12  0:00  SCV  
  13  0:13  SCV  
  14  0:17  Supply Depot  
  14  0:26  SCV  
  15  0:39  SCV  
  15  0:40  Barracks  
  16  0:45  Refinery  
  16  0:52  SCV  
  17  1:04  SCV  
  18  1:16  SCV  
  19  1:28  Reaper, Orbital Command  
  20  1:45  Command Center  
  20  1:55  Supply Depot  
  20  1:57  SCV  
  21  2:01  Marine  
  22  2:14  SCV  
  22  2:15  Factory  
  23  2:23  Barracks Reactor  
  23  2:26  SCV  
  24  2:38  SCV  
  25  2:50  SCV  
  26  2:52  Command Center  
  26  2:59  Orbital Command  
  26  3:05  SCV  
  27  3:09  Starport  
  27  3:15  Hellion  
  27  3:18  SCV  
  30  3:23  Hellion  
  30  3:25  Refinery  
  32  3:28  SCV  
  32  3:31  Barracks Tech Lab  
  33  3:38  Hellion, SCV  
  36  3:46  Hellion  
  38  3:49  SCV  
  38  3:53  SCV  
  40  4:01  Hellion, SCV, Banshee  
  46  4:09  Cloaking Field  
  46  4:12  Hellion  
  46  4:14  SCV  
  46  4:15  SCV  
  50  4:17  Orbital Command  
  50  4:25  Barracks Tech Lab  
  50  4:26  SCV  
  50  4:41  SCV, Barracks  
  50  4:42  SCV, Barracks  
  50  4:44  Factory Reactor  
  52  4:46  Banshee  
  52  4:49  Marine  
  52  4:51  SCV  
  57  4:55  Engineering Bay  
  57  4:57  Engineering Bay  
  57  4:59  Supply Depot  
  57  5:01  SCV  
  57  5:02  Supply Depot  
  57  5:04  SCV  
  57  5:06  SCV  
  60  5:17  Marine  
  60  5:21  SCV x2  
  63  5:23  Refinery  
  63  5:27  Refinery  
  59  5:31  Terran Infantry Weapons Level 1, Terran Infantry Armor Level 1  
  59  5:42  Marine  
  57  5:43  Marine  
  57  5:48  SCV  
  57  5:49  Stimpack  
  60  5:50  Marine  
  60  5:51  Marine  
  60  5:52  Barracks  
  60  5:53  SCV  
  60  5:54  SCV  
  60  5:56  Barracks  
  64  5:58  Supply Depot x2  
  64  6:02  Marine x3, Orbital Command  
  64  6:03  Siege Tank, Starport Reactor  
  70  6:07  SCV  
  71  6:14  SCV  
  71  6:17  Marine x2  
  74  6:20  Marine x2  
  76  6:26  SCV  
  76  6:27  SCV  
  76  6:28  Marine  
  79  6:45  Marine x2  
  79  6:46  Marine x2, Barracks Reactor x2  
  83  6:55  Marine  
  83  6:56  Siege Tank, Medivac x2  
  88  7:03  Marine  
  89  7:10  Marine x3  
  89  7:11  SCV  
  89  7:14  Marine, SCV x2  
  93  7:16  Supply Depot  
  93  7:18  Supply Depot  
  93  7:21  Marine  
  94  7:23  SCV  
  94  7:26  SCV x2  
  94  7:27  Armory  
  94  7:28  Marine x2  
  99  7:30  Marine  
  99  7:31  Marine  
  101  7:37  Marine x2, Medivac  
  101  7:38  SCV, Siege Tank  
  101  7:39  Marine, Barracks x2  
  101  7:40  SCV  
  101  7:41  Supply Depot, Barracks  
  101  7:42  Marine x2  
  101  7:43  Supply Depot  
  113  7:45  Marine  
  113  7:48  Marine x2  
  116  7:55  SCV  
  116  7:56  Supply Depot  
  117  8:01  Missile Turret  
  117  8:02  Marine x5, SCV, Medivac  
  117  8:04  Marine, Missile Turret  
  117  8:05  SCV  
  127  8:08  Supply Depot  
  127  8:21  Marine x3  
  127  8:22  Marine x4  
  127  8:23  Siege Tank, Medivac  
  139  8:32  Medivac  
  129  8:37  Marine x3  
  116  8:44  Marine x5  
  116  8:45  Marine x2  
  116  8:57  Marine x5  
  116  8:58  Siege Tank, Medivac  
  116  9:02  Marine x4, Medivac  
  126  9:12  Marine x3  
  126  9:15  Marine x2  
  131  9:21  Marine x2  
  131  9:22  Marine x5  
  138  9:26  Factory  
  138  9:27  Terran Infantry Weapons Level 2  
  138  9:29  Marine  
  138  9:30  Marine  
  140  9:33  Terran Infantry Armor Level 2  
  140  9:38  Refinery  
  140  9:43  Marine x6  
  140  9:44  Marine x2, Command Center  
  148  9:55  Marine  
  149  10:09  Marine x3, SCV  
  149  10:14  Marine x5  
  128  10:32  Marine x2  
  128  10:33  Marine x5  
  119  10:38  Marine x5  
  119  10:39  Siege Tank  
  119  10:40  Factory Tech Lab, Medivac x2  
  111  10:51  Marine  
  111  10:52  Marine x3  
  115  10:57  Marine  
  115  10:58  Marine x6  
  115  10:59  Siege Tank  
  125  11:05  Planetary Fortress  
  125  11:10  Medivac  
  127  11:26  Marine x4  
  127  11:27  Marine x7  
  127  11:28  Marine  
  127  11:29  Siege Tank, Medivac  
  144  11:35  Siege Tank  
  147  11:40  Medivac  
  147  11:44  Marine x6  
  147  11:45  Marine x6  
  149  11:58  Command Center  
  131  12:01  Marine  
  131  12:02  Marine x6  
  131  12:03  Marine x5  
  127  12:12  Siege Tank x2  
  133  12:19  Marine x2  
  133  12:20  Marine x6  
  141  12:24  Marine x2  
  141  12:25  Marine x2  
  145  12:37  Marine x3  
  145  12:38  Marine x4  
  145  12:44  Marine x4  
  154  12:56  Siege Tank x2  
  160  12:58  Marine  
  160  12:59  Marine x3  
  138  13:13  Marine x3  
  138  13:17  Marine  
  138  13:18  Marine x8  
  125  13:30  Marine  
  125  13:31  Marine x2  
  125  13:32  Medivac x2  
  125  13:33  Siege Tank x2  
  114  13:35  Marine x4  
  114  13:36  Marine  
  112  13:47  Barracks Tech Lab x3  
  112  13:49  Marine, Marauder  
  112  13:50  Marine x2  
  112  13:53  Marine x4  
  121  13:55  Refinery  
  121  13:57  Refinery  
  121  13:58  Refinery  
  118  14:05  Siege Tank x2  
  119  14:11  Medivac x2  
  119  14:12  Marauder x2  
  127  14:25  Marine x3, Marauder x2  
  134  14:34  Marauder  
  123  14:42  Marine  
  123  14:43  Siege Tank x2, Marauder  
  129  14:46  Marauder  
  131  14:55  Marine x3  
  131  14:56  Marine x2  
  131  14:57  Medivac, Marauder x2  
  131  14:58  Marine, Medivac  
  131  14:59  Marine  
  146  15:11  Marine x2  
  146  15:12  Marauder  
  150  15:18  Marauder  
  158  15:22  Marine x3, Marauder  
Show
View Real Time Build Order
Export as new Build Order

SmokingKiss Zerg - Winner!

Build Orders: Hatch First 

Get SALT Encoding   

  12  0:00  Drone  
  13  0:12  Overlord  
  13  0:18  Drone  
  14  0:31  Drone  
  14  0:32  Drone  
  16  0:50  Hatchery  
  16  0:53  Drone  
  16  0:57  Drone  
  16  1:00  Drone  
  18  1:11  Extractor  
  17  1:16  Spawning Pool  
  16  1:19  Drone  
  16  1:22  Drone  
  18  1:30  Drone  
  19  1:39  Drone  
  20  2:02  Queen  
  20  2:03  Queen  
  24  2:10  Zergling x4  
  26  2:15  Hatchery  
  26  2:21  Overlord  
  25  2:29  Drone x2  
  27  2:34  Metabolic Boost  
  27  2:41  Drone x2  
  29  2:52  Overlord  
  29  2:54  Pneumatized Carapace  
  29  2:59  Drone  
  30  3:08  Drone x3  
  33  3:20  Drone x2  
  33  3:21  Drone x3  
  38  3:27  Queen  
  40  3:46  Drone  
  40  3:47  Drone x3, Queen  
  46  3:48  Overlord  
  46  3:49  Overlord  
  46  4:01  Zergling x2  
  46  4:02  Zergling x6  
  50  4:06  Queen  
  52  4:16  Zergling x8  
  56  4:26  Drone x2  
  56  4:27  Drone x3  
  60  4:34  Baneling Nest, Queen  
  61  4:46  Drone x3  
  61  4:47  Drone x2  
  61  4:48  Overlord x2  
  66  4:55  Spore Crawler  
  66  4:59  Drone  
  66  5:01  Drone, Spore Crawler  
  66  5:04  Overlord  
  66  5:06  Spore Crawler  
  65  5:07  Queen  
  67  5:27  Drone x5  
  67  5:28  Drone x2  
  73  5:29  Drone, Extractor  
  73  5:30  Drone x2  
  73  5:35  Evolution Chamber  
  74  5:36  Evolution Chamber  
  70  5:48  Extractor  
  70  5:49  Extractor  
  68  5:53  Drone  
  68  5:54  Hatchery, Drone x2  
  68  5:55  Drone  
  71  5:59  Drone x5  
  71  6:00  Overlord x2  
  71  6:01  Hatchery  
  75  6:28  Drone x3  
  75  6:29  Zergling x2  
  75  6:30  Zerg Ground Armor Level 1, Zergling x10  
  75  6:31  Zerg Melee Weapons Level 1  
  84  6:33  Lair, Drone x3, Evolution Chamber  
  86  6:45  Extractor  
  85  7:03  Zerg Missile Weapons Level 1  
  85  7:05  Extractor  
  85  7:06  Drone x3  
  83  7:15  Drone  
  83  7:16  Drone x3  
  83  7:18  Drone x5  
  83  7:19  Drone x3  
  83  7:20  Overlord x4  
  95  7:30  Centrifical Hooks, Drone  
  95  7:33  Hatchery  
  95  7:39  Overseer x2  
  95  7:41  Baneling  
  95  7:42  Baneling x7  
  95  7:43  Baneling  
  95  7:44  Zergling x24  
  107  7:57  Overseer  
  107  7:59  Zergling x2  
  107  8:00  Zergling x20  
  107  8:02  Zergling x8  
  122  8:14  Zergling x2  
  122  8:15  Zergling x14  
  130  8:28  Zergling x8  
  130  8:29  Zergling x6  
  100  8:42  Baneling  
  100  8:43  Baneling x8  
  100  8:44  Zergling x24  
  100  8:46  Zergling x2  
  100  8:47  Zergling x4  
  110  9:04  Hatchery  
  108  9:13  Zerg Ground Armor Level 2, Zerg Missile Weapons Level 2  
  108  9:15  Zerg Melee Weapons Level 2  
  108  9:18  Hydralisk Den  
  107  9:32  Hatchery  
  107  9:37  Zergling x12  
  107  9:38  Zergling x16  
  120  9:43  Infestation Pit  
  119  9:48  Hatchery  
  118  9:53  Zergling x32  
  118  9:54  Zergling x10  
  118  9:58  Baneling x2  
  118  9:59  Baneling x8  
  139  10:00  Baneling x3  
  120  10:15  Zergling x14  
  124  10:22  Baneling x6  
  124  10:23  Baneling x2  
  124  10:24  Zergling x2  
  124  10:25  Zergling x24  
  109  10:36  Zergling x2  
  92  10:52  Baneling x4  
  92  10:53  Baneling x7  
  92  10:54  Hive  
  92  10:58  Baneling x3  
  92  10:59  Baneling x2  
  92  11:00  Baneling x2  
  92  11:04  Drone x5  
  97  11:17  Muscular Augments  
  97  11:18  Zergling x24  
  102  11:19  Zergling x8  
  113  11:36  Extractor  
  112  11:41  Hydralisk  
  112  11:42  Hydralisk x7  
  112  11:43  Hydralisk x8  
  132  12:04  Overlord x3, Zergling x2  
  132  12:05  Overlord, Zergling x2  
  132  12:06  Zergling x16  
  132  12:21  Overseer  
  132  12:23  Overseer x2  
  132  12:24  Overseer  
  132  12:26  Zerg Ground Armor Level 3, Zerg Missile Weapons Level 3  
  132  12:28  Zerg Melee Weapons Level 3, Grooved Spines  
  132  12:35  Baneling x11  
  132  12:41  Zergling x10  
  137  12:46  Zergling x20  
  147  12:51  Zergling x2  
  147  12:52  Zergling x14  
  140  13:15  Zergling x18  
  146  13:21  Zergling x18  
  146  13:22  Zergling x18  
  126  13:57  Hatchery  
  125  14:07  Zergling x2  
  125  14:08  Zergling x28  
  124  14:13  Viper x4  
  124  14:14  Viper x2  
  145  14:23  Baneling x2  
  145  14:24  Baneling x22  
  140  14:25  Zergling x28  
  150  14:43  Zergling x14  
  150  14:44  Zergling x26  
  164  15:07  Zergling x10  
  168  15:15  Extractor x2  
  166  15:25  Zergling x4  
Tags
 
Add a new tag
Caveats
  • Supply blocks, unpowered buildings, or Contaminate may cause inaccurate times.
  • Supply counts are checked every 10 seconds.